 Dungeon Crawl Stone Soup version 0.25.1-2-g60ff931df9 (webtiles) character file.

Game seed: 16106642880540308372

3822 OdinFK the Spear-Bearer (level 10, -7/76 HPs)
             Began as a Merfolk Skald on Oct 13, 2020.
             Was a Believer of Fedhas.
             Splashed by an orc warrior's acid (15 damage)
             ... on level 8 of the Dungeon.
             The game lasted 00:38:43 (9531 turns).

OdinFK the Spear-Bearer (Merfolk Skald)             Turns: 9531, Time: 00:38:45

Health: -7/76      AC: -1    Str: 15    XL:     10   Next: 17%
Magic:  11/14      EV: 22    Int: 12    God:    Fedhas [**....]
Gold:   390        SH:  0    Dex: 14    Spells: 7/15 levels left

rFire    . . .     SeeInvis +   a - +0 spear
rCold    . . .     Gourm    .   (no shield)
rNeg     . . .     Faith    .   b - +0 leather armour
rPois    .         Spirit   .   l - +0 helmet
rElec    .         Reflect  .   D - +0 cloak
rCorr    .         Harm     .   n - +0 pair of gloves
MR       .....                  (no boots)
Stlth    +.........             (no amulet)
HPRegen  0.22/turn              L - +4 ring of evasion
MPRegen  0.14/turn              q - ring of see invisible

@: corroded, very slightly contaminated
A: change form in water, swift swim, stealthy swim
a: Wall of Briars, Renounce Religion


You were on level 8 of the Dungeon.
You worshipped Fedhas.
Fedhas was pleased with you.
You were hungry.

You visited 2 branches of the dungeon, and saw 9 of its levels.
You also visited: Sewer.

You collected 390 gold pieces.

Inventory:

Hand Weapons
 a - a +0 spear (weapon)
Missiles
 s - a boomerang
 y - 19 poisoned darts (quivered)
 C - 3 throwing nets
Armour
 b - a +0 leather armour (worn)
 l - a +0 helmet (worn)
 n - a +0 pair of gloves (worn)
 D - a +0 cloak (worn)
Jewellery
 j - an uncursed ring of magical power
 q - a ring of see invisible (right hand)
 z - an uncursed ring of stealth
 L - a +4 ring of evasion (left hand)
Wands
 J - a wand of acid (2)
 K - a wand of iceblast (4)
Scrolls
 f - 2 scrolls of fear
 i - a scroll of identify
 k - 3 scrolls of magic mapping
 m - a scroll of brand weapon {unknown}
 o - 2 scrolls of random uselessness {unknown}
 t - 8 scrolls of teleportation
 u - 5 scrolls of remove curse
 v - 2 scrolls of enchant armour {unknown}
 B - 4 scrolls of immolation {unknown}
 E - 2 scrolls of enchant weapon {unknown}
 H - a scroll of holy word {unknown}
Potions
 c - 6 potions of curing
 e - a potion of invisibility {unknown}
 g - a potion of ambrosia {unknown}
 h - a potion of haste
 p - 3 potions of magic
 r - 3 potions of resistance
 w - 3 potions of heal wounds
 x - 3 potions of flight
 A - 2 potions of lignification
 F - a potion of might {unknown}
 G - 2 potions of degeneration {unknown}
 I - 3 potions of stabbing
Comestibles
 d - 20 rations


   Skills:
 - Level 6.0 Fighting
 + Level 11.3 Polearms
 - Level 5.0 Throwing
 - Level 1.0 Armour
 + Level 10.8 Dodging
 - Level 3.0 Spellcasting
 - Level 5.0 Charms
 - Level 2.0 Evocations


You had 7 spell levels left.
You knew the following spells:

 Your Spells              Type           Power        Failure   Level  Hunger
a - Infusion              Chrm           ##..         3%          1    #......
b - Song of Slaying       Chrm           ##......     6%          2    ###....
c - Shroud of Golubria    Chrm/Tloc      #.....       16%         2    ###....
d - Ozocubu's Armour      Chrm/Ice       #.......     32%         3    ###....

Your spell library contained the following spells:

 Spells                   Type           Power        Failure   Level  Hunger
 Foxfire                  Conj/Fire      #...         30%         1    #......
 Spectral Weapon          Hex/Chrm       #.......     32%         3    ###....
 Conjure Flame            Conj/Fire      #.......     65%         3    ###....
 Inner Flame              Hex/Fire       #.......     65%         3    ###....
 Sticky Flame             Conj/Fire      #.......     96%         4    #####..
 Fireball                 Conj/Fire      #.........   100%        5    ######.


Dungeon Overview and Level Annotations

Branches:
Dungeon (8/15)             Temple (1/1) D:5            Lair (0/6) D:8
  Sewer (visited)

Altars:
Ashenzari
Cheibriados
Dithmenos
Elyvilon
Fedhas
Gozag
Hepliaklqana
Kikubaaqudgha
Makhleb
Nemelex Xobeh
Okawaru
Qazlal
Ru
Sif Muna
Trog
Uskayaw
Vehumet
Wu Jian
Xom
Yredelemnul
Zin
The Shining One


Message History

The orc warrior is moderately wounded.
You hit the orc warrior.
The orc warrior is moderately wounded.
The orc warrior hits you with a +0 trident!
* * * LOW HITPOINT WARNING * * *
The orc warrior completely misses you.
Your magical infusion is running out.
You walk carefully through the fungus.
You are no longer magically infusing your attacks.
Press: ? - help, v - describe, . - travel
Here: an orc warrior, wielding a +0 trident, wearing a +0 chain mail and carrying a wand of acid (7) (moderately wounded)
The floor.
You walk carefully through the plants.
You walk carefully through the plants.
The orc warrior zaps a wand.
The bolt of acid hits the plant!
The plant is splashed with acid.
The acid corrodes the plant!
The bolt of acid hits you!
* * * LOW HITPOINT WARNING * * *
You are splashed with acid!
You die...
Fedhas appreciates your contribution to the ecosystem.

#...........P..P.###
#............P.....##
#.........P.P...P...#
######
#..........P.o.P....##
#....#
#.........P.PP..P....#
#....#
######...P..####o.PP.#
#....#
#..P...#>.#P....###....#
##..P.P#..#...P..##....#
#.PPP.##'#@.P......รทรท.#
#..P.P.........###..(.#
##..P.P...PP..####....#
#PP.P.P.........'....#
##P..P.P..PP..###....#
###P...P....## #....#
###.....### #....#
####### #....# #....#


You could see an orc warrior.

Vanquished Creatures
  Grinder (D:6)
  Sigmund (D:5)
  Eustachio (D:5)
  Grum (D:8)
  2 porcupines (D:8)
  An orc warrior (D:6)
  4 ogres
  2 centaurs (D:6)
  4 wolves
  3 big kobolds (Sewer)
  7 bullfrogs
  2 scorpions
  8 killer bees
  3 wights (D:6)
  A crimson imp (D:5)
  A jelly (D:5)
  6 orc wizards
  Crazy Yiuf (D:5)
  4 hounds
  2 centaur skeletons
  An iguana (D:8)
  Ijyb (D:5)
  A worker ant (D:7)
  A worker ant zombie (D:5)
  A howler monkey zombie (D:6)
  Robin (D:2)
  9 adders
  4 river rats
  2 shadow imps
  A white imp (D:4)
  4 oozes
  5 worms
  2 dart slugs
  7 leopard geckos
  17 orcs
  4 ball pythons
  10 giant cockroaches
  9 goblins
  6 hobgoblins
  6 jackals
  15 kobolds
  3 quokkas
  8 bats
  9 frilled lizards
  A goblin skeleton (D:4)
  3 hobgoblin zombies (D:4)
  A jackal zombie (D:5)
  A kobold skeleton (D:4)
  A leopard gecko skeleton (D:6)
  An orc skeleton (D:4)
  An orc zombie (D:4)
  A quokka skeleton (D:5)
  12 rats
  2 rat zombies (D:5)
206 creatures vanquished.

Vanquished Creatures (others)
  A fungus (D:8)
1 creature vanquished.

Grand Total: 207 creatures vanquished

Notes
Turn   | Place    | Note
-------+----------+-------------------------------------------
     0 | D:1      | OdinFK the Merfolk Skald began the quest for the Orb.
     0 | D:1      | Reached XP level 1. HP: 16/16 MP: 3/3
   148 | D:1      | Reached XP level 2. HP: 7/23 MP: 5/5
   575 | D:1      | Reached skill level 1 in Armour
   722 | D:1      | Reached XP level 3. HP: 15/28 MP: 6/6
  1255 | D:2      | Found a faded altar of an unknown god.
  1282 | D:2      | Noticed Robin
  1454 | D:2      | Reached skill level 4 in Polearms
  1459 | D:2      | Found a bloodstained altar of Trog.
  1472 | D:2      | Noticed an ogre
  2066 | D:2      | Killed Robin
  2066 | D:2      | Reached XP level 4. HP: 5/34 MP: 7/7
  2525 | D:2      | Found a sacrificial altar of Ru.
  2580 | D:3      | Reached skill level 5 in Polearms
  3014 | D:3      | Reached skill level 5 in Dodging
  3014 | D:3      | Reached XP level 5. HP: 33/39 MP: 8/8
  3258 | D:3      | Noticed a sky beast
  3617 | D:4      | Found a glowing golden altar of the Shining One.
  4083 | D:4      | Reached XP level 6. HP: 43/47 MP: 9/9
  4096 | D:4      | Identified the +4 dagger "Banisher" {freeze, rElec rPois
                  | Int-5 Dex+3}
  4444 | D:5      | Entered Level 5 of the Dungeon
  4484 | D:5      | Found a glowing drain.
  4519 | D:5      | Reached skill level 1 in Throwing
  4550 | Sewer    | Entered a sewer
  4772 | Sewer    | Reached skill level 6 in Polearms
  4866 | Sewer    | Reached XP level 7. HP: 27/52 MP: 10/10
  5080 | D:5      | Noticed Ijyb
  5100 | D:5      | Killed Ijyb
  5147 | D:5      | Found a staircase to the Ecumenical Temple.
  5218 | D:5      | Noticed Eustachio
  5248 | Temple   | Entered the Ecumenical Temple
  5270 | Temple   | Became a worshipper of Fedhas Madash
  5691 | D:5      | Killed Eustachio
  5691 | D:5      | Reached XP level 8. HP: 46/58 MP: 11/11
  5830 | D:5      | Noticed Sigmund
  5832 | D:5      | Killed Sigmund
  5890 | D:5      | Found an ancient bone altar of Kikubaaqudgha.
  6048 | D:5      | Found a runed translucent door.
  6049 | D:5      | Noticed Crazy Yiuf
  6053 | D:5      | Killed Crazy Yiuf
  6147 | D:6      | Noticed Grinder
  6147 | D:6      | Paralysed by Grinder for 2 turns
  6263 | D:5      | Reached skill level 1 in Evocations
  6344 | D:6      | Reached skill level 7 in Polearms
  6713 | D:6      | Reached * piety under Fedhas
  6713 | D:6      | Reached skill level 8 in Polearms
  6940 | D:6      | Reached skill level 9 in Polearms
  6944 | D:6      | Learned a level 2 spell: Song of Slaying
  6947 | D:6      | Learned a level 2 spell: Shroud of Golubria
  6951 | D:6      | Learned a level 3 spell: Ozocubu's Armour
  7043 | D:6      | Reached XP level 9. HP: 45/65 MP: 12/12
  7295 | D:6      | Killed Grinder
  7392 | D:6      | Reached skill level 5 in Fighting
  7392 | D:6      | Reached skill level 10 in Polearms
  7392 | D:6      | Reached skill level 5 in Charms
  7880 | D:7      | Found a radiant altar of Vehumet.
  7995 | D:7      | Found an ornate altar of the Wu Jian Council.
  7996 | D:7      | Found a snail-covered altar of Cheibriados.
  8358 | D:8      | Noticed Grum
  8416 | D:7      | Reached skill level 10 in Dodging
  8732 | D:8      | Reached ** piety under Fedhas
  9050 | D:8      | Reached XP level 10. HP: 59/76 MP: 5/14
  9075 | D:8      | Reached skill level 11 in Polearms
  9194 | D:8      | Killed Grum
  9209 | D:8      | Reached skill level 5 in Throwing
  9506 | D:8      | Found a staircase to the Lair.
  9531 | D:8      | Splashed by an orc warrior's acid

Illustrated notes

Levels and vault maps discovered:
D:1:      onia_arrival_mini_spirals, layout_basic, serial_rivers,
          chequers_serial_rivers_small_b, chequers_serial_rivers_room_b,
          chequers_serial_rivers_small_3, chequers_serial_rivers_micro_a,
          chequers_serial_rivers_marsh, st_stairs_3,
          hangedman_abyss_or_decor_stabs, chequers_serial_rivers_room_a,
          minmay_misc_feat_cross, kennysheep_decorative_pillar,
          hangedman_decor_clover_reticule
D:2:      layout_basic, nicolae_ru_the_path_less_chosen, bloody_trog,
          serial_corexii_hall, corexii_hall_statues_deadend,
          chequers_hall_statues_corner_a,
          chequers_ecumenical_altar_simple_redux, hangedman_decor_points,
          hex_intersection, chequers_serial_rivers_micro_b, minmay_pentomino_q4,
          uniq_robin
D:3:      layout_basic
D:4:      layout_loops_ring, nicolae_tso_besieged_by_evil
D:5:      layout_loops_ring, lemuel_zombie_altar_kikubaaqudgha,
          minmay_temple_entry_mini_moons, portal_sewer_entry_c,
          nicolae_ossuary_entry_ruins, first_ration,
          chequers_serial_rivers_small_a, hex_medium, uniq_eustachio, uniq_ijyb,
          uniq_sigmund, uniq_crazy_yiuf_cottage
D:6:      layout_rooms, uniq_grinder
D:7:      layout_gridville, minitemple, grunt_ogre_cave,
          kennysheep_generic_room_14
D:8:      layout_basic, grunt_lair_entry_orc_guard_hut, uniq_grum
Temple:   regret_index_temple_sphere_string

Skill      XL: |  1  2  3  4  5  6  7  8  9 10 |
---------------+-------------------------------+-----
Dodging        | 3 4 5 7 9 10 | 10.8
Armour         | 1 |  1.0
Polearms       | 4 5 6 9 10 11 | 11.3
Fighting       | 3 4 6 |  6.0
Charms         | 4 5 |  5.0
Throwing       | 2 3 4 5 |  5.0
Evocations     | 2 |  2.0
Spellcasting   | 3 |  3.0

Action                   |  1- 3 |  4- 6 |  7- 9 | 10-12 || total
-------------------------+-------+-------+-------+-------++-------
Melee: Spear             |   197 |   446 |   536 |    66 ||  1245
       Tailslap          |       |     4 |       |       ||     4
       Unarmed           |       |       |    13 |       ||    13
Throw: Boomerang         |       |    34 |    14 |     3 ||    51
       Dart              |       |       |    69 |     2 ||    71
 Cast: Infusion          |       |       |    10 |     3 ||    13
       Ozocubu's Armour  |       |       |     6 |     1 ||     7
       Shroud of Golubri |       |       |     1 |     1 ||     2
       Song of Slaying   |       |       |     1 |       ||     1
Evoke: Wand              |       |       |    16 |     2 ||    18
  Use: Scroll            |       |     3 |     8 |       ||    11
 Stab: Sleeping          |     1 |     4 |       |       ||     5
  Eat: Chunk             |     3 |    10 |    13 |     3 ||    29
Armor: Leather armour    |    30 |    52 |    68 |     1 ||   151
Dodge: Dodged            |   101 |   200 |   405 |    33 ||   739
